AoeStats
← zapato3103

Arena

510615360Analyzed
3v3 RM · 22h ago on Oct 1, 2026· 35m 26s· 6 players
Game mode
Random Map
Map size
Normal (6 player)
Population
200
Speed
Normal
Resources
Standard
Victory
Conquest
Starting age
Dark Age
Ending age
Imperial Age
RankedLock teamsTeams togetherTeam positionsShared explorationLock speedFull tech treeHidden civsTurbo modeCheats
Victory
Defeat
🇬🇧 Saxons · United Kingdom
1166
+17
🇬🇧 Cumans · United Kingdom
1160
+17
🇨🇳 Chinese · China
1119
+20
🇲🇽 Saxons · Mexico
1195
-18
🇲🇽 Malians · Mexico
1188
-18
🇪🇸 Teutons · Spain
1180
-18
biodegradable plastic
8:18 Loom
12:03 Feudal Age
12:53 Double-Bit Axe
17:22 Castle Age
15:42 Stone Mining
17:37 Fletching
17:34 Loom
27:18 Wheelbarrow
27:17 Gold Mining
27:56 Guard Tower
28:41 Bodkin Arrow
The Laughing Storm
9:39 Feudal Age
10:20 Double-Bit Axe
12:51 Horse Collar
21:28 Castle Age
20:25 Wheelbarrow
22:47 Hand Cart
23:54 Heavy Plow
24:15 Bow Saw
24:03 Stone Mining
24:05 Gold Mining
25:50 Gold Shaft Mining
27:10 Loom
30:18 Imperial Age
28:05 Bloodlines
28:09 Scale Barding Armor
28:16 Forging
29:12 Chain Barding Armor
30:20 Iron Casting
30:22 Elite Steppe Lancer
31:08 Steppe Husbandry
31:30 Conscription
32:13 Plate Barding Armor
34:57 Blast Furnace
蜡笔小新
10:08 Feudal Age
14:14 Castle Age
12:38 Double-Bit Axe
12:48 Horse Collar
15:20 Bow Saw
15:16 Heavy Plow
20:09 Loom
21:26 Wheelbarrow
24:28 Hand Cart
24:00 Town Watch
24:41 Gold Mining
28:27 Imperial Age
26:04 Fletching
26:14 Padded Archer Armor
26:13 Stone Mining
27:05 Ballistics
27:02 Fervor
28:09 Bodkin Arrow
28:15 Padded Archer Armor
28:13 Murder Holes
29:39 Stone Shaft Mining
30:20 Chemistry
29:23 Bracer
30:29 Two-Man Saw
29:12 Elite Chu Ko Nu
30:37 Masonry
30:45 Leather Archer Armor
31:15 Conscription
31:38 Squires
31:23 Arson
34:10 Ring Archer Armor
33:45 Scale Barding Armor
33:51 Forging
34:28 Architecture
34:45 Bloodlines
35:33 Great Wall
35:00 Cavalier
35:42 Husbandry
36:06 Chain Barding Armor
ignemiro
3:19 Loom
5:09 Loom
11:39 Feudal Age
16:38 Castle Age
14:58 Double-Bit Axe
15:02 Horse Collar
15:52 Scale Barding Armor
16:42 Forging
17:19 Bloodlines
23:26 Chain Barding Armor
26:02 Wheelbarrow
25:13 Town Watch
32:04 Caravan
32:43 Gold Mining
33:12 Hand Cart
zapato3103
11:10 Feudal Age
12:02 Double-Bit Axe
15:37 Castle Age
15:41 Loom
17:05 Bow Saw
17:09 Fletching
27:15 Bodkin Arrow
29:46 Guard Tower
Gamaleon
11:02 Feudal Age
14:56 Castle Age
14:01 Double-Bit Axe
14:03 Horse Collar
20:10 Heavy Plow
20:16 Loom
23:39 Town Watch
29:07 Imperial Age
28:13 Wheelbarrow
27:54 Masonry
30:55 Chemistry
29:51 Fletching
30:16 Bow Saw
30:39 Crop Rotation
31:37 Conscription
31:55 Architecture
31:45 Bodkin Arrow
32:51 Elite Skirmisher
35:03 Padded Archer Armor
Connection lost

Rejoining the realm…

Still unreachable

The connection could not be restored.

Session expired

The server has moved on; the page needs a fresh start.